 Dungeon Crawl Stone Soup version 0.17.1-3-g152610e (webtiles) character file.

330 Goblin1989 the Insei (level 6, -6/38 HPs)
             Began as an Octopode Transmuter on Apr 4, 2016.
             Mangled by an ogre
             ... wielding a +0 giant club
              (22 damage)
             ... on level 4 of the Dungeon.
             The game lasted 00:17:31 (5077 turns).

Goblin1989 the Insei (Octopode Transmuter)          Turns: 5077, Time: 00:17:32

Health: -6/38      AC:  1    Str:  9    XL:     6   Next: 51%
Magic:  4/9        EV: 12    Int: 17    God:
Gold:   294        SH:  0    Dex: 13    Spells: 4 memorised, 1 level left

rFire  . . .     SeeInvis .       - Unarmed
rCold  . . .     Clarity  .     (no shield)
rNeg   . . .     SustAt   .     (helmet restricted)
rPois  .         Gourm    .     (no amulet)
rElec  .         Spirit   .     (no ring)
rCorr  .         Warding  .     (no ring)
rMut   .         Stasis   .     (no ring)
MR     .....                    (no ring)
Stlth  ++........               (no ring)
                                (no ring)
                                (no ring)
                                (no ring)

@: appendage (expiring), very slightly contaminated, not resistant to hostile
enchantments, unstealthy
A: almost no armour, amphibious, 8 rings, constrict 8, tentacle spike 3,
camouflage 1, gelatinous body 1
a: End Transformation


You were on level 4 of the Dungeon.
You were hungry.
One of your tentacles had a temporary spike.
You visited 2 branches of the dungeon, and saw 5 of its levels.

You collected 294 gold pieces.

Inventory:

Missiles
 a - 10 arrows
Scrolls
 f - a scroll of teleportation
 h - a scroll of enchant armour {unknown}
 i - 3 scrolls of fog {unknown}
 k - 3 scrolls of magic mapping
 l - a scroll of recharging {unknown}
Potions
 e - 2 potions of curing
 g - a potion of cancellation
 j - a potion of agility
 m - a potion of poison {unknown}
 n - a potion of flight {unknown}
Books
 b - a book of Changes

   Spells                             Type                      Level
   a - Beastly Appendage              Transmutation                1
   b - Sticks to Snakes               Transmutation                2
   c - Spider Form                    Transmutation/Poison         3
   d - Ice Form                       Ice/Transmutation            4
   e - Blade Hands                    Transmutation                5
Comestibles
 c - 4 bread rations
 d - a royal jelly


   Skills:
 - Level 1.0 Fighting
 - Level 2.0 Dodging
 * Level 6.7 Unarmed Combat
 - Level 2.0 Spellcasting
 - Level 2.3 Transmutations
 - Level 2.0 Poison Magic


You had one spell level left.
You knew the following spells:

 Your Spells              Type           Power        Failure   Level  Hunger
a - Beastly Appendage     Trmt           #.....       10%         1    #......
b - Sticks to Snakes      Trmt           #.........   14%         2    ###....
c - Spider Form           Trmt/Pois      #.........   24%         3    ###....
d - Stoneskin             Trmt/Erth      #.......     21%         2    ###....


Dungeon Overview and Level Annotations

Branches:
Dungeon (4/15)             Temple (1/1) D:4

Altars:
Dithmenos
Fedhas
Gozag
Kikubaaqudgha
Makhleb
Okawaru
Ru
Sif Muna
Trog
Vehumet
Xom
Yredelemnul
The Shining One

Annotations:
D:2 Sigmund


Innate Abilities, Weirdness & Mutations

You cannot wear most types of armour.
You are amphibious.
You can wear up to eight rings at the same time.
You can use your tentacles to constrict eight enemies at once.
Your skin changes colour to match your surroundings (Stealth).
Your rubbery body absorbs attacks (AC +1).
One of your tentacles bears a large vicious spike.


Message History

Your transformation is almost over.
The ogre closely misses you.
Your ball python bites the ogre.
You barely miss the ogre.
The ogre is heavily wounded.
Your ball python barely misses the ogre.
You barely miss the ogre.
You pierce the ogre, but do no damage.
The ogre is heavily wounded.
The ogre hits you with a giant club!!
Ouch! That really hurt!
Your ball python bites the ogre.
You tentacle-slap the ogre.
The ogre is heavily wounded.
Your ball python barely misses the ogre.
The ogre barely misses you.
Unknown command.
You tentacle-slap the ogre but do no damage.
The ogre is heavily wounded.
Your ball python bites the ogre.
The ogre hits you with a giant club!!
Ouch! That really hurt!
You die...

..##### ######...) .
#......... ...###....# ##
#.#### ..###. ##†# #.(..
########.÷### #...#
#...........#.
#....######.####........
###.##.SO@.....##.........
..........................
#.####...###..###........
#.###...## ##.#.#.^......
#.....#.### #.##.##......
#...####...###...#.#).....
#.#.# ##...###..##.##....
#.#.# #...........#)#....
#...# ##...###....##.####


You could see an ogre and a friendly ball python.

Vanquished Creatures
  A giant frog (D:4)
  A hound (D:3)
  Ijyb (D:2)
  A worker ant (D:4)
  A hound skeleton (D:4)
  A worker ant zombie (D:3)
  6 adders
  2 oozes (D:1)
  5 worms
  3 giant geckos
  3 orcs
  2 ball pythons
  11 bats
  4 giant cockroaches
  10 goblins
  4 hobgoblins
  10 jackals
  2 kobolds (D:2)
  2 quokkas
  5 giant newts
  7 rats
  A spectral orc (D:2)
83 creatures vanquished.

Vanquished Creatures (collateral kills)
  2 adders
  A goblin (D:2)
  A kobold (D:2)
4 creatures vanquished.

Grand Total: 87 creatures vanquished

Notes
Turn   | Place    | Note
--------------------------------------------------------------
     0 | D:1      | Goblin1989 the Octopode Transmuter began the quest for the Orb.
     0 | D:1      | Reached XP level 1. HP: 13/13 MP: 3/3
   410 | D:1      | Reached XP level 2. HP: 16/18 MP: 3/5
   457 | D:1      | Learned a level 2 spell: Sticks to Snakes
   670 | D:1      | Reached skill level 4 in Unarmed Combat
   757 | D:1      | Reached XP level 3. HP: 17/23 MP: 6/6
  1132 | D:2      | Found a shadowy altar of Dithmenos.
  1447 | D:2      | Learned a level 3 spell: Spider Form
  1554 | D:2      | Found an iron altar of Okawaru.
  1688 | D:2      | Noticed Ijyb
  1699 | D:2      | Killed Ijyb
  1699 | D:2      | Reached skill level 1 in Poison Magic
  1699 | D:2      | Reached XP level 4. HP: 12/28 MP: 7/7
  1957 | D:2      | Noticed Sigmund
  2107 | D:2      | Found a basalt altar of Yredelemnul.
  2413 | D:2      | Reached skill level 5 in Unarmed Combat
  2862 | D:3      | Reached XP level 5. HP: 25/33 MP: 8/8
  3199 | D:3      | Found a shimmering altar of Xom.
  3201 | D:3      | Found a shimmering altar of Xom.
  3276 | D:3      | Found a shimmering altar of Xom.
  3276 | D:3      | Found a shimmering altar of Xom.
  3407 | D:3      | Found a shimmering altar of Xom.
  3407 | D:3      | Found a shimmering altar of Xom.
  3407 | D:3      | Found a shimmering altar of Xom.
  3744 | D:3      | Found an opulent altar of Gozag.
  3816 | D:3      | Learned a level 2 spell: Stoneskin
  3957 | D:3      | Found a burning altar of Makhleb.
  4321 | D:4      | Reached skill level 6 in Unarmed Combat
  4321 | D:4      | Reached XP level 6. HP: 21/38 MP: 7/9
  4509 | D:4      | Found a staircase to the Ecumenical Temple.
  4517 | Temple   | Entered the Ecumenical Temple
  4618 | D:4      | Found a blossoming altar of Fedhas.
  5052 | D:4      | Noticed an ogre
  5077 | D:4      | Mangled by an ogre

Action                   |  1- 3 |  4- 6 || total
-------------------------+-------+-------++-------
Melee: Unarmed           |    80 |   145 ||   225
 Cast: Beastly Appendage |    12 |    24 ||    36
       Sticks to Snakes  |       |    14 ||    14
       Spider Form       |       |     1 ||     1
       Stoneskin         |       |     1 ||     1
  Use: Scroll            |       |     6 ||     6
       Potion            |       |     1 ||     1
 Stab: Sleeping          |     9 |     5 ||    14
  Eat: Chunk             |     1 |    12 ||    13
       Pizza             |     1 |       ||     1
